Senators vs Devils

Created - Wednesday, February 12, 2025 at 22:14

Goals
1 2 3 T
Senators 0 0 1 1
Devils 0 1 2 3
Shots
1 2 3 T
Senators 6 7 10 23
Devils 7 10 10 27

1st period

No Goal

Penalties :
Arshdeep Bains (BIN) for High sticking (Minor) at 6:10, Gerry Mayhew (BEL) for Holding (Minor) at 10:59

2nd period

1. Devils , Jimmy Huntington 4 (Nick DeSimone 21, Kale Clague 10) at 14:08

Penalties :
Connor Carrick (BIN) for Hooking (Minor) at 11:54

3rd period

2. Senators , Seth Griffith 23 (Jon Merrill 36, Cameron Hebig 22) at 7:09 (PP)
3. Devils , Arshdeep Bains 26 (Cole Schwindt 18, Calen Addison 48) at 9:18 (PP)
4. Devils , Jakob Pelletier 12 (Connor Carrick 20, Adam Erne 23) at 11:47 (PP)

Penalties :
Connor Carrick (BIN) for Hooking (Minor) at 2:59, Kale Clague (BIN) for Holding Stick (Minor) at 5:22, Dakota Mermis (BEL) for High sticking (Double Minor) at 8:29, Logan Day (BEL) for Interference (Minor) at 11:43, Logan Day (BEL) for Roughing (Double Minor) at 13:27

Goalie Stats

Alexei Kolosov (BEL), 24 saves from 27 shots - (0.889), L, 29-12-3, 60:00 minutes
Joel Blomqvist (BIN), 22 saves from 23 shots - (0.957), W, 31-19-3, 60:00 minutes

Players Stats for Senators

Player Name              G  A  P  +/- PIM S  H  SB GA TA FO     MP     PP MP  PK MP  
------------------------------------------------------------------------------------
Cal O'Reilly             0  0  0  -1  0   2  0  0  0  0  6/14   11:16   0:00   2:32 
Cameron Hebig            0  1  1   0  0   0  0  0  0  0  0/0    16:24   3:16   0:35 
Dakota Mermis            0  0  0  -1  4   3  4  0  0  0  0/0    21:03   3:38   1:06 
Gerry Mayhew             0  0  0   0  2   0  0  0  0  0  1/1    14:50   2:31   0:00 
Givani Smith             0  0  0   0  0   1  1  0  0  0  0/0    12:56   2:48   0:00 
Graeme Clarke            0  0  0   0  0   1  1  0  0  0  6/12   17:05   3:46   1:18 
Greg McKegg              0  0  0   0  0   0  1  1  0  0  4/10   16:21   1:04   5:09 
Jon Merrill              0  1  1   0  0   1  1  1  0  0  0/0    18:44   3:02   1:50 
Logan Day                0  0  0   0  6   1  3  2  0  0  0/0    15:22   0:00   2:09 
Mathieu Olivier          0  0  0   0  0   3  4  0  0  0  2/3    20:16   3:31   4:12 
Milan Lucic              0  0  0  -1  0   1  2  0  0  0  0/0    13:05   2:25   2:20 
Peter Abbandonato        0  0  0   0  0   2  0  1  0  0  8/18   13:50   3:07   0:35 
Riley Stillman           0  0  0   0  0   1  2  1  0  0  0/0    18:22   0:00   4:31 
Roland McKeown           0  0  0   0  0   2  0  2  0  0  0/0    18:27   0:00   4:26 
Seth Griffith            1  0  1   0  0   2  0  0  0  0  10/22  16:25   3:47   0:00 
Tye Felhaber             0  0  0   0  0   1  0  0  0  0  0/1    17:27   3:43   1:43 
Tyler Spezia             0  0  0  -1  0   1  1  0  0  0  1/2     9:00   0:16   0:00 
William Villeneuve       0  0  0  -1  0   1  2  1  0  0  0/0    20:13   1:46   2:54 

Players Stats for Devils

Player Name              G  A  P  +/- PIM S  H  SB GA TA FO     MP     PP MP  PK MP  
------------------------------------------------------------------------------------
Adam Erne                0  1  1   0  0   2  2  1  0  0  1/3    18:05   3:39   3:50 
Alex Limoges             0  0  0   0  0   2  2  0  0  0  16/28  20:28   4:08   2:50 
Arshdeep Bains           1  0  1   0  2   3  0  0  0  0  0/0    20:09   4:08   2:32 
Bobby Brink              0  0  0   0  0   2  1  0  0  0  0/1    14:16   0:46   0:00 
Calen Addison            0  1  1   0  0   0  1  0  0  0  0/0    22:40   4:42   3:32 
Christian Wolanin        0  0  0   0  0   1  2  0  0  0  0/0    21:19   3:06   3:46 
Cole Schwindt            0  1  1   0  0   2  2  1  0  0  6/12   16:17   4:09   1:32 
Connor Carrick           0  1  1   0  4   2  0  3  0  0  0/0    19:51   3:22   2:04 
Jakob Pelletier          1  0  1   0  0   3  0  0  0  0  2/2    14:29   3:56   0:20 
Jimmy Huntington         1  0  1   1  0   1  0  0  0  0  5/9     9:24   0:17   0:00 
Kale Clague              0  1  1   1  2   0  3  0  0  0  0/0    17:12   0:46   1:54 
Mark Kastelic            0  0  0   0  0   2  2  0  0  0  12/25  17:48   3:39   3:56 
Matt Luff                0  0  0   1  0   2  0  0  0  0  1/1    19:43   0:00   0:00 
Nathan Smith             0  0  0   0  0   0  0  0  0  0  0/0     1:14   0:46   0:28 
Nick DeSimone            0  1  1   1  0   0  2  1  0  0  0/0    16:13   1:02   0:38 
Sebastian AhoD           0  0  0   0  0   2  0  0  0  0  0/0    22:42   4:42   3:34 
William Lockwood         0  0  0   0  0   0  0  0  0  0  0/0     1:43   1:02   0:00 
Zach Aston-Reese         0  0  0   1  0   3  2  1  0  0  2/2    18:39   0:00   0:00 

3 Stars

1 - Jimmy Huntington (BIN)
2 - Joel Blomqvist (BIN)
3 - Nick DeSimone (BIN)

Power Play

Senators - 1 on 4 Attempt(s) - 25.00%
Devils - 2 on 6 Attempt(s) - 33.33%

Penalty Kill

Senators - 4 on 6 Attempt(s) - 66.67% - Score 0 goal in Penalty Kill
Devils - 3 on 4 Attempt(s) - 75.00% - Score 0 goal in Penalty Kill

Team Stat

Senators - Hits : 22 - Faceoff Wins : 38 - Blocked Shots : 9 - Penalty Minutes : 12
Devils - Hits : 19 - Faceoff Wins : 45 - Blocked Shots : 7 - Penalty Minutes : 8

Official

Referees : Ghislain Hebert and Kelly Sutherland
Linesman : Scott Cherrey and Tommy Hughes

Game Notes

No Game Note

Finance

Level 1 -- Attendance: 2000 (100.00%) -- Ticket Income $70,000
Level 2 -- Attendance: 885 (88.50%) -- Ticket Income $13,275
Total Attendance: 2885 (96.17%)
Total Ticket Income: $83,275
Other Income: $40,805
Total Income: $124,080

Senators

5 vs 5 Forward 
   Center                   Left Wing                Right Wing               Time % Phy DF OF 
 1 Seth Griffith            Cameron Hebig            Mathieu Olivier          30     0   1  4  
 2 Graeme Clarke            Tye Felhaber             Gerry Mayhew             27     0   1  4  
 3 Peter Abbandonato        Greg McKegg              Givani Smith             24     0   1  4  
 4 Cal O'Reilly             Tyler Spezia             Milan Lucic              19     0   1  4  

5 vs 5 Defense 
   Defense                  Defense                                           Time % Phy DF OF 
 1 William Villeneuve       Dakota Mermis                                     30     0   4  1  
 2 Logan Day                Jon Merrill                                       30     0   4  1  
 3 Roland McKeown           Riley Stillman                                    30     0   4  1  
 4 William Villeneuve       Dakota Mermis                                     10     0   4  1  

PowerPlay Forward 
   Center                   Left Wing                Right Wing               Time % Phy DF OF 
 1 Seth Griffith            Mathieu Olivier          Gerry Mayhew             60     0   0  5  
 2 Peter Abbandonato        Tye Felhaber             Givani Smith             40     0   0  5  

PowerPlay Defense
   Defense                  Defense                                           Time % Phy DF OF 
 1 Graeme Clarke            Dakota Mermis                                     60     0   1  4  
 2 Cameron Hebig            Jon Merrill                                       40     0   1  4  

Penalty Kill 4 Players Forward 
   Center                   Wing                     Time % Phy DF OF 
 1 Greg McKegg              Mathieu Olivier          60     0   4  1  
 2 Cal O'Reilly             Milan Lucic              40     0   4  1  

Penalty Kill 4 Players Defense
   Defense                  Defense                  Time % Phy DF OF 
 1 William Villeneuve       Logan Day                60     0   5  0  
 2 Riley Stillman           Roland McKeown           40     0   5  0  

Penalty Kill - 3 Players Forward 
   Forward                                           Time % Phy DF OF 
 1 Greg McKegg                                       60     0   5  0  
 2 Cal O'Reilly                                      40     0   5  0  

Penalty Kill - 3 Players Defense
   Defense                  Defense                  Time % Phy DF OF 
 1 William Villeneuve       Logan Day                60     0   5  0  
 2 Riley Stillman           Roland McKeown           40     0   5  0  

4 vs 4 Forward 
   Center                   Wing                     Time % Phy DF OF 
 1 Seth Griffith            Gerry Mayhew             60     0   0  5  
 2 Peter Abbandonato        Givani Smith             40     0   0  5  

4 vs 4 Defense
   Defense                  Defense                  Time % Phy DF OF 
 1 Graeme Clarke            Dakota Mermis            60     0   1  4  
 2 Cameron Hebig            Jon Merrill              40     0   1  4  

Last Minutes Offensive
   Center                   Left Wing                Right Wing               Defense                  Defense                  
   Seth Griffith            Mathieu Olivier          Gerry Mayhew             Graeme Clarke            Dakota Mermis            

Last Minutes Defensive
   Center                   Left Wing                Right Wing               Defense                  Defense                  
   Cal O'Reilly             Greg McKegg              Mathieu Olivier          Dakota Mermis            William Villeneuve       

Goaltenders
Starting : Alexei Kolosov           
Backup : Pavel Cajan              

Extra Forwards
Normal : Seth Griffith, Gerry Mayhew, Graeme Clarke - PP : Seth Griffith, Graeme Clarke - PK : Mathieu Olivier
Extra Defensemen
Normal : Dakota Mermis, Jon Merrill, William Villeneuve - PP : Dakota Mermis - PK : Dakota Mermis, William Villeneuve
Penalty Shots
Gerry Mayhew, Seth Griffith, Graeme Clarke, Cameron Hebig, Mathieu Olivier
Custom OT Lines Forwards
Seth Griffith, Mathieu Olivier, Graeme Clarke, Givani Smith, Gerry Mayhew, Cameron Hebig, Peter Abbandonato, Greg McKegg, Cal O'Reilly, Milan Lucic
Custom OT Lines Defensemen
Dakota Mermis, Jon Merrill, William Villeneuve, Roland McKeown, Riley Stillman

Scratches
Paul LaDue (Healthy), Mike Benning (Healthy), Blake Hillman (Healthy), Alex Whelan (Healthy), Zach Jordan (Healthy)
Travis Barron (Healthy), Mark Pysyk (Healthy), Garrett Roe (Healthy), Josh Melnick (Healthy), Nikolas Brouillard (Healthy)
Lassi Thomson (Healthy)

Devils

5 vs 5 Forward 
   Center                   Left Wing                Right Wing               Time % Phy DF OF 
 1 Alex Limoges             Arshdeep Bains           Bobby Brink              25     1   2  2  
 2 Mark Kastelic            Jakob Pelletier          Zach Aston-Reese         25     1   2  2  
 3 Cole Schwindt            Matt Luff                Adam Erne                25     1   2  2  
 4 Jimmy Huntington         Zach Aston-Reese         Matt Luff                25     1   2  2  

5 vs 5 Defense 
   Defense                  Defense                                           Time % Phy DF OF 
 1 Calen Addison            Sebastian AhoD                                    25     1   2  2  
 2 Connor Carrick           Christian Wolanin                                 25     1   2  2  
 3 Nick DeSimone            Kale Clague                                       25     1   2  2  
 4 Sebastian AhoD           Calen Addison                                     25     1   2  2  

PowerPlay Forward 
   Center                   Left Wing                Right Wing               Time % Phy DF OF 
 1 Alex Limoges             Arshdeep Bains           Cole Schwindt            60     1   2  2  
 2 Mark Kastelic            Jakob Pelletier          Adam Erne                40     1   2  2  

PowerPlay Defense
   Defense                  Defense                                           Time % Phy DF OF 
 1 Calen Addison            Sebastian AhoD                                    60     1   2  2  
 2 Connor Carrick           Christian Wolanin                                 40     1   2  2  

Penalty Kill 4 Players Forward 
   Center                   Wing                     Time % Phy DF OF 
 1 Mark Kastelic            Adam Erne                60     1   2  2  
 2 Alex Limoges             Arshdeep Bains           40     1   2  2  

Penalty Kill 4 Players Defense
   Defense                  Defense                  Time % Phy DF OF 
 1 Calen Addison            Sebastian AhoD           60     1   2  2  
 2 Connor Carrick           Christian Wolanin        40     1   2  2  

Penalty Kill - 3 Players Forward 
   Forward                                           Time % Phy DF OF 
 1 Alex Limoges                                      60     1   2  2  
 2 Arshdeep Bains                                    40     1   2  2  

Penalty Kill - 3 Players Defense
   Defense                  Defense                  Time % Phy DF OF 
 1 Calen Addison            Sebastian AhoD           60     1   2  2  
 2 Connor Carrick           Christian Wolanin        40     1   2  2  

4 vs 4 Forward 
   Center                   Wing                     Time % Phy DF OF 
 1 Adam Erne                Mark Kastelic            60     1   2  2  
 2 Alex Limoges             Arshdeep Bains           40     1   2  2  

4 vs 4 Defense
   Defense                  Defense                  Time % Phy DF OF 
 1 Calen Addison            Sebastian AhoD           60     1   2  2  
 2 Connor Carrick           Christian Wolanin        40     1   2  2  

Last Minutes Offensive
   Center                   Left Wing                Right Wing               Defense                  Defense                  
   Alex Limoges             Arshdeep Bains           Bobby Brink              Calen Addison            Sebastian AhoD           

Last Minutes Defensive
   Center                   Left Wing                Right Wing               Defense                  Defense                  
   Alex Limoges             Arshdeep Bains           Bobby Brink              Calen Addison            Sebastian AhoD           

Goaltenders
Starting : Joel Blomqvist           
Backup : Michael DiPietro         

Extra Forwards
Normal : William Lockwood, Adam Erne, Cole Schwindt - PP : William Lockwood, Adam Erne - PK : Cole Schwindt
Extra Defensemen
Normal : Nick DeSimone, Kale Clague, Sebastian AhoD - PP : Nick DeSimone - PK : Kale Clague, Calen Addison
Penalty Shots
Cole Schwindt, Adam Erne, Alex Limoges, Arshdeep Bains, Mark Kastelic
Custom OT Lines Forwards
Bobby Brink, William Lockwood, Alex Limoges, Arshdeep Bains, Mark Kastelic, Adam Erne, Matt Luff, Jakob Pelletier, Cole Schwindt, Jimmy Huntington
Custom OT Lines Defensemen
Calen Addison, Sebastian AhoD, Connor Carrick, Christian Wolanin, Nick DeSimone

Scratches
Mitchell Hoelscher (Healthy), Riley Damiani (Healthy), Hardy Haman Aktell (Healthy), Akito Hirose (Healthy), Ondrej Pavel (Healthy)
Ryan McGregor (Healthy), Jagger Joshua (Healthy), Aidan McDonough (Healthy), Greg Meireles (Healthy), Mathias Laferriere (Healthy)
Erik Kallgren (Healthy)

% Time on Ice - Senators

Lines # - Real PCT - Wanted PCT - Time Play
Normal Forward
1 - 29% - 30% - 12:33
2 - 28% - 27% - 12:01
3 - 23% - 24% - 10:08
4 - 20% - 19% - 8:44
Normal Defense
1 - 32% - 30% - 13:50
2 - 31% - 30% - 13:15
3 - 32% - 30% - 13:51
4 - 6% - 10% - 2:30
PP Forward
1 - 49% - 60% - 3:47
2 - 51% - 40% - 3:57
PP Defense
1 - 58% - 60% - 4:28
2 - 42% - 40% - 3:16
PK Forward
1 - 74% - 60% - 6:30
2 - 26% - 40% - 2:20
PK Defense
1 - 63% - 60% - 5:34
2 - 37% - 40% - 3:16
PK3 Forward
1 - 0% - 60%
2 - 0% - 40%
PK3 Defense
1 - 0% - 60%
2 - 0% - 40%
44 Forward
1 - 0% - 60%
2 - 0% - 40%
44 Defense
1 - 0% - 60%
2 - 0% - 40%
Last Minute Offensive  - 0:00
Last Minute Defensive  - 0:00
Total
Forward - 60:00
Defense - 60:00

% Time on Ice - Devils

Lines # - Real PCT - Wanted PCT - Time Play
Normal Forward
1 - 31% - 25% - 13:30
2 - 24% - 25% - 10:13
3 - 24% - 25% - 10:36
4 - 21% - 25% - 9:07
Normal Defense
1 - 17% - 25% - 7:32
2 - 33% - 25% - 14:27
3 - 33% - 25% - 14:33
4 - 16% - 25% - 6:54
PP Forward
1 - 59% - 60% - 5:11
2 - 41% - 40% - 3:39
PP Defense
1 - 65% - 60% - 5:44
2 - 35% - 40% - 3:06
PK Forward
1 - 66% - 60% - 5:06
2 - 34% - 40% - 2:38
PK Defense
1 - 48% - 60% - 3:44
2 - 52% - 40% - 4:00
PK3 Forward
1 - 0% - 60%
2 - 0% - 40%
PK3 Defense
1 - 0% - 60%
2 - 0% - 40%
44 Forward
1 - 0% - 60%
2 - 0% - 40%
44 Defense
1 - 0% - 60%
2 - 0% - 40%
Last Minute Offensive  - 0:00
Last Minute Defensive  - 0:00
Total
Forward - 60:00
Defense - 60:00

Play-by-Play

1st period


0:01 of 1st period - Alex Limoges wins face-off versus Seth Griffith in neutral zone.
0:06 of 1st period - Icing by Mathieu Olivier.
0:07 of 1st period - Seth Griffith wins face-off versus Mark Kastelic in Senators zone.
0:18 of 1st period - Shot by Jakob Pelletier.
0:18 of 1st period - Shot Blocked by William Villeneuve.
0:24 of 1st period - Shot by Mark Kastelic.
0:24 of 1st period - Stopped by Alexei Kolosov without a rebound.
0:25 of 1st period - Cole Schwindt wins face-off versus Graeme Clarke in Senators zone.
0:25 of 1st period - Adam Erne is hit by Jon Merrill and loses puck.
1:01 of 1st period - Graeme Clarke is hit by Kale Clague and loses puck.
1:09 of 1st period - Icing by Kale Clague.
1:10 of 1st period - Peter Abbandonato wins face-off versus Cole Schwindt in Devils zone.
1:10 of 1st period - Peter Abbandonato is hit by Kale Clague.
1:13 of 1st period - Greg McKegg is hit by Kale Clague and loses puck.
1:16 of 1st period - Shot by Givani Smith.
1:16 of 1st period - Deflect By Peter Abbandonato.
1:16 of 1st period - Shot Misses the Net.
1:18 of 1st period - Shot by Roland McKeown.
1:18 of 1st period - Stopped by Joel Blomqvist without a rebound.
1:19 of 1st period - Alex Limoges wins face-off versus Cal O'Reilly in Devils zone.
1:19 of 1st period - Alex Limoges is hit by Milan Lucic.
1:50 of 1st period - Sebastian AhoD is hit by Milan Lucic and loses puck.
3:15 of 1st period - Matt Luff is hit by Logan Day and loses puck.
3:23 of 1st period - Icing by Jon Merrill.
3:24 of 1st period - Alex Limoges wins face-off versus Seth Griffith in Senators zone.
3:34 of 1st period - Shot by Arshdeep Bains.
3:34 of 1st period - Shot Misses the Net.
3:36 of 1st period - Shot by Alex Limoges.
3:36 of 1st period - Stopped by Alexei Kolosov with a rebound.
3:38 of 1st period - Shot by Alex Limoges.
3:38 of 1st period - Deflect By Bobby Brink.
3:38 of 1st period - Stopped by Alexei Kolosov without a rebound.
3:39 of 1st period - Graeme Clarke wins face-off versus Jimmy Huntington in Senators zone.
3:49 of 1st period - Off-side.
3:50 of 1st period - Cal O'Reilly wins face-off versus Mark Kastelic in neutral zone.
4:04 of 1st period - Shot by Milan Lucic.
4:04 of 1st period - Shot Misses the Net.
4:06 of 1st period - Shot by Milan Lucic.
4:06 of 1st period - Shot Misses the Net.
4:08 of 1st period - Shot by Roland McKeown.
4:08 of 1st period - Shot Blocked by Zach Aston-Reese.
4:10 of 1st period - Shot by Tyler Spezia.
4:10 of 1st period - Shot Misses the Net.
4:12 of 1st period - Shot by Tyler Spezia.
4:12 of 1st period - Stopped by Joel Blomqvist without a rebound.
4:13 of 1st period - Gerry Mayhew wins face-off versus Alex Limoges in Devils zone.
4:42 of 1st period - Shot by Arshdeep Bains.
4:42 of 1st period - Stopped by Alexei Kolosov without a rebound.
4:43 of 1st period - Zach Aston-Reese wins face-off versus Seth Griffith in Senators zone.
5:36 of 1st period - Icing by Sebastian AhoD.
5:37 of 1st period - Jimmy Huntington wins face-off versus Graeme Clarke in Devils zone.
5:37 of 1st period - Jimmy Huntington is hit by Graeme Clarke.
5:49 of 1st period - Shot by Graeme Clarke.
5:49 of 1st period - Shot Misses the Net.
6:10 of 1st period - Minor Penalty to Arshdeep Bains for High sticking.
6:11 of 1st period - Mark Kastelic wins face-off versus Peter Abbandonato in Devils zone.
6:27 of 1st period - Shot by Peter Abbandonato.
6:27 of 1st period - Stopped by Joel Blomqvist without a rebound.
6:28 of 1st period - Mark Kastelic wins face-off versus Seth Griffith in Devils zone.
6:28 of 1st period - Connor Carrick is hit by Mathieu Olivier and loses puck.
7:21 of 1st period - Shot by Givani Smith.
7:21 of 1st period - Shot Blocked by Cole Schwindt.
8:45 of 1st period - Off-side.
8:46 of 1st period - Peter Abbandonato wins face-off versus Alex Limoges in neutral zone.
8:48 of 1st period - Off-side.
8:49 of 1st period - Alex Limoges wins face-off versus Peter Abbandonato in neutral zone.
9:13 of 1st period - Shot by Arshdeep Bains.
9:13 of 1st period - Shot Misses the Net.
10:26 of 1st period - Icing by William Villeneuve.
10:27 of 1st period - Graeme Clarke wins face-off versus Alex Limoges in Senators zone.
10:31 of 1st period - Icing by Tye Felhaber.
10:32 of 1st period - Alex Limoges wins face-off versus Graeme Clarke in Senators zone.
10:32 of 1st period - Bobby Brink is hit by Dakota Mermis and loses puck.
10:50 of 1st period - Shot by Graeme Clarke.
10:50 of 1st period - Shot Misses the Net.
10:52 of 1st period - Shot by Dakota Mermis.
10:52 of 1st period - Shot Misses the Net.
10:59 of 1st period - Minor Penalty to Gerry Mayhew for Holding.
11:00 of 1st period - Jakob Pelletier wins face-off versus Greg McKegg in Senators zone.
11:01 of 1st period - Shot by Calen Addison.
11:01 of 1st period - Shot Blocked by Roland McKeown.
11:03 of 1st period - Shot by Sebastian AhoD.
11:03 of 1st period - Stopped by Alexei Kolosov without a rebound.
11:04 of 1st period - Jakob Pelletier wins face-off versus Greg McKegg in Senators zone.
11:07 of 1st period - Shot by Jakob Pelletier.
11:07 of 1st period - Deflect By Adam Erne.
11:07 of 1st period - Shot Blocked by Riley Stillman.
11:29 of 1st period - Shot by Sebastian AhoD.
11:29 of 1st period - Shot Misses the Net.
11:31 of 1st period - Shot by Sebastian AhoD.
11:31 of 1st period - Stopped by Alexei Kolosov without a rebound.
11:32 of 1st period - Greg McKegg wins face-off versus Alex Limoges in Senators zone.
11:32 of 1st period - Greg McKegg is hit by Alex Limoges.
12:49 of 1st period - Icing by Calen Addison.
12:50 of 1st period - Mark Kastelic wins face-off versus Greg McKegg in Devils zone.
12:50 of 1st period - Mark Kastelic is hit by Mathieu Olivier.
13:55 of 1st period - Shot by Tyler Spezia.
13:55 of 1st period - Shot Misses the Net.
14:03 of 1st period - Shot by Tyler Spezia.
14:03 of 1st period - Shot Misses the Net.
14:05 of 1st period - Shot by Cal O'Reilly.
14:05 of 1st period - Shot Misses the Net.
14:07 of 1st period - Shot by Cal O'Reilly.
14:07 of 1st period - Shot Misses the Net.
14:09 of 1st period - Shot by Riley Stillman.
14:09 of 1st period - Stopped by Joel Blomqvist without a rebound.
14:10 of 1st period - Alex Limoges wins face-off versus Peter Abbandonato in Devils zone.
14:10 of 1st period - Alex Limoges is hit by Greg McKegg.
14:24 of 1st period - Shot by Arshdeep Bains.
14:24 of 1st period - Stopped by Alexei Kolosov without a rebound.
14:25 of 1st period - Alex Limoges wins face-off versus Seth Griffith in Senators zone.
14:25 of 1st period - Alex Limoges is hit by Riley Stillman.
14:29 of 1st period - Shot by Arshdeep Bains.
14:29 of 1st period - Shot Blocked by Roland McKeown.
14:45 of 1st period - Shot by Roland McKeown.
14:45 of 1st period - Stopped by Joel Blomqvist with a rebound.
14:47 of 1st period - Shot by Seth Griffith.
14:47 of 1st period - Shot Misses the Net.
14:49 of 1st period - Shot by Mathieu Olivier.
14:49 of 1st period - Stopped by Joel Blomqvist without a rebound.
14:50 of 1st period - Peter Abbandonato wins face-off versus Mark Kastelic in Devils zone.
15:08 of 1st period - Shot by Jakob Pelletier.
15:08 of 1st period - Shot Blocked by Logan Day.
15:10 of 1st period - Shot by Zach Aston-Reese.
15:10 of 1st period - Shot Misses the Net.
15:23 of 1st period - Icing by Jon Merrill.
15:24 of 1st period - Peter Abbandonato wins face-off versus Alex Limoges in Senators zone.
15:34 of 1st period - Icing by Peter Abbandonato.
15:35 of 1st period - Cole Schwindt wins face-off versus Peter Abbandonato in Senators zone.
16:16 of 1st period - Seth Griffith is hit by Nick DeSimone and loses puck.
16:39 of 1st period - Shot by Gerry Mayhew.
16:39 of 1st period - Shot Misses the Net.
16:51 of 1st period - Shot by Tye Felhaber.
16:51 of 1st period - Shot Misses the Net.
16:53 of 1st period - Shot by Roland McKeown.
16:53 of 1st period - Shot Misses the Net.
16:59 of 1st period - Shot by Gerry Mayhew.
16:59 of 1st period - Shot Misses the Net.
17:05 of 1st period - Shot by Tye Felhaber.
17:05 of 1st period - Shot Blocked by Nick DeSimone.
18:32 of 1st period - Cameron Hebig is hit by Zach Aston-Reese and loses puck.
19:23 of 1st period - Shot by Arshdeep Bains.
19:23 of 1st period - Shot Misses the Net.
19:48 of 1st period - Icing by Christian Wolanin.
19:49 of 1st period - Peter Abbandonato wins face-off versus Alex Limoges in Devils zone.
Goals for this period are 0 for Senators vs 0 for Devils.
Shots for this period are 6 for Senators vs 7 for Devils.

2nd period


0:01 of 2nd period - Zach Aston-Reese wins face-off versus Seth Griffith in neutral zone.
1:28 of 2nd period - Shot by Peter Abbandonato.
1:28 of 2nd period - Shot Misses the Net.
1:48 of 2nd period - Shot by Graeme Clarke.
1:48 of 2nd period - Stopped by Joel Blomqvist without a rebound.
1:49 of 2nd period - Mark Kastelic wins face-off versus Tyler Spezia in Devils zone.
1:49 of 2nd period - Mark Kastelic is hit by Tyler Spezia.
2:08 of 2nd period - Mark Kastelic is hit by Riley Stillman and loses puck.
2:29 of 2nd period - Icing by Nick DeSimone.
2:30 of 2nd period - Mark Kastelic wins face-off versus Graeme Clarke in Devils zone.
2:54 of 2nd period - Tye Felhaber is hit by Adam Erne and loses puck.
3:18 of 2nd period - Icing by Calen Addison.
3:19 of 2nd period - Seth Griffith wins face-off versus Cole Schwindt in Devils zone.
3:22 of 2nd period - Shot by Mathieu Olivier.
3:22 of 2nd period - Shot Misses the Net.
3:52 of 2nd period - Mathieu Olivier is hit by Calen Addison.
4:30 of 2nd period - Shot by Peter Abbandonato.
4:30 of 2nd period - Stopped by Joel Blomqvist with a rebound.
4:32 of 2nd period - Shot by Givani Smith.
4:32 of 2nd period - Shot Blocked by Connor Carrick.
4:34 of 2nd period - Shot by Peter Abbandonato.
4:34 of 2nd period - Shot Blocked by Connor Carrick.
4:37 of 2nd period - Peter Abbandonato is hit by Christian Wolanin and loses puck.
4:45 of 2nd period - Icing by Connor Carrick.
4:46 of 2nd period - Alex Limoges wins face-off versus Cal O'Reilly in Devils zone.
4:56 of 2nd period - Icing by Cal O'Reilly.
4:57 of 2nd period - Mark Kastelic wins face-off versus Cal O'Reilly in Senators zone.
5:21 of 2nd period - Shot by Tyler Spezia.
5:21 of 2nd period - Shot Misses the Net.
5:23 of 2nd period - Shot by Cal O'Reilly.
5:23 of 2nd period - Shot Misses the Net.
5:25 of 2nd period - Shot by Dakota Mermis.
5:25 of 2nd period - Shot Misses the Net.
5:38 of 2nd period - Icing by Nick DeSimone.
5:39 of 2nd period - Seth Griffith wins face-off versus Mark Kastelic in Devils zone.
6:08 of 2nd period - Shot by Mathieu Olivier.
6:08 of 2nd period - Stopped by Joel Blomqvist without a rebound.
6:09 of 2nd period - Graeme Clarke wins face-off versus Alex Limoges in Devils zone.
7:01 of 2nd period - Icing by Dakota Mermis.
7:02 of 2nd period - Cole Schwindt wins face-off versus Peter Abbandonato in Senators zone.
7:10 of 2nd period - Icing by Greg McKegg.
7:11 of 2nd period - Peter Abbandonato wins face-off versus Cole Schwindt in Senators zone.
7:11 of 2nd period - Peter Abbandonato is hit by Adam Erne.
7:37 of 2nd period - Shot by Matt Luff.
7:37 of 2nd period - Shot Misses the Net.
7:43 of 2nd period - Shot by Matt Luff.
7:43 of 2nd period - Deflect By Cole Schwindt.
7:43 of 2nd period - Stopped by Alexei Kolosov without a rebound.
7:44 of 2nd period - Mark Kastelic wins face-off versus Seth Griffith in Senators zone.
8:04 of 2nd period - Icing by Nick DeSimone.
8:05 of 2nd period - Mark Kastelic wins face-off versus Graeme Clarke in Devils zone.
8:14 of 2nd period - Shot by Jakob Pelletier.
8:14 of 2nd period - Stopped by Alexei Kolosov with a rebound.
8:16 of 2nd period - Shot by Zach Aston-Reese.
8:16 of 2nd period - Deflect By Mark Kastelic.
8:16 of 2nd period - Stopped by Alexei Kolosov without a rebound.
8:17 of 2nd period - Cal O'Reilly wins face-off versus Bobby Brink in Senators zone.
8:38 of 2nd period - Icing by Sebastian AhoD.
8:39 of 2nd period - Alex Limoges wins face-off versus Seth Griffith in Devils zone.
8:39 of 2nd period - Alex Limoges is hit by Mathieu Olivier.
9:47 of 2nd period - Zach Aston-Reese is hit by Logan Day and loses puck.
9:58 of 2nd period - Shot by Jon Merrill.
9:58 of 2nd period - Shot Misses the Net.
10:04 of 2nd period - Jon Merrill is hit by Mark Kastelic and loses puck.
11:30 of 2nd period - Greg McKegg is hit by Christian Wolanin and loses puck.
11:54 of 2nd period - Minor Penalty to Connor Carrick for Hooking.
11:55 of 2nd period - Mathieu Olivier wins face-off versus Mark Kastelic in Devils zone.
12:10 of 2nd period - Shot by Dakota Mermis.
12:10 of 2nd period - Stopped by Joel Blomqvist without a rebound.
12:11 of 2nd period - Seth Griffith wins face-off versus Mark Kastelic in Devils zone.
12:36 of 2nd period - Shot by William Villeneuve.
12:36 of 2nd period - Stopped by Joel Blomqvist without a rebound.
12:37 of 2nd period - Alex Limoges wins face-off versus Peter Abbandonato in Devils zone.
12:50 of 2nd period - Shot by Nathan Smith.
12:50 of 2nd period - Deflect By Adam Erne.
12:50 of 2nd period - Stopped by Alexei Kolosov without a rebound.
12:51 of 2nd period - Seth Griffith wins face-off versus Mark Kastelic in Senators zone.
13:06 of 2nd period - Shot by Mathieu Olivier.
13:06 of 2nd period - Deflect By Seth Griffith.
13:06 of 2nd period - Stopped by Joel Blomqvist with a rebound.
13:08 of 2nd period - Shot by Dakota Mermis.
13:08 of 2nd period - Stopped by Joel Blomqvist without a rebound.
13:09 of 2nd period - Alex Limoges wins face-off versus Peter Abbandonato in Devils zone.
13:35 of 2nd period - Icing by Cameron Hebig.
13:36 of 2nd period - Peter Abbandonato wins face-off versus Mark Kastelic in Senators zone.
14:08 of 2nd period - Shot by Jimmy Huntington.
14:08 of 2nd period - Goal by Jimmy Huntington - Senators : 0 - Devils : 1.
14:09 of 2nd period - Alex Limoges wins face-off versus Seth Griffith in neutral zone.
14:13 of 2nd period - Icing by Roland McKeown.
14:14 of 2nd period - Mathieu Olivier wins face-off versus Jimmy Huntington in Senators zone.
14:21 of 2nd period - Shot by Seth Griffith.
14:21 of 2nd period - Shot Misses the Net.
14:42 of 2nd period - Shot by Seth Griffith.
14:42 of 2nd period - Shot Misses the Net.
15:41 of 2nd period - Icing by Riley Stillman.
15:42 of 2nd period - Seth Griffith wins face-off versus Mark Kastelic in Senators zone.
16:07 of 2nd period - Off-side.
16:08 of 2nd period - Cole Schwindt wins face-off versus Cal O'Reilly in neutral zone.
16:14 of 2nd period - Icing by Milan Lucic.
16:15 of 2nd period - Tyler Spezia wins face-off versus Alex Limoges in Senators zone.
16:15 of 2nd period - Tyler Spezia is hit by Bobby Brink.
17:13 of 2nd period - Icing by Sebastian AhoD.
17:14 of 2nd period - Matt Luff wins face-off versus Peter Abbandonato in Devils zone.
17:23 of 2nd period - Shot by Matt Luff.
17:23 of 2nd period - Stopped by Alexei Kolosov without a rebound.
17:24 of 2nd period - Graeme Clarke wins face-off versus Mark Kastelic in Senators zone.
17:24 of 2nd period - Graeme Clarke is hit by Mark Kastelic.
17:42 of 2nd period - Shot by Zach Aston-Reese.
17:42 of 2nd period - Stopped by Alexei Kolosov without a rebound.
17:43 of 2nd period - Cole Schwindt wins face-off versus Peter Abbandonato in Senators zone.
18:46 of 2nd period - Shot by Jakob Pelletier.
18:46 of 2nd period - Stopped by Alexei Kolosov with a rebound.
18:48 of 2nd period - Shot by Connor Carrick.
18:48 of 2nd period - Stopped by Alexei Kolosov with a rebound.
19:51 of 2nd period - Shot by Bobby Brink.
19:51 of 2nd period - Stopped by Alexei Kolosov without a rebound.
19:52 of 2nd period - Cal O'Reilly wins face-off versus Cole Schwindt in Senators zone.
19:52 of 2nd period - Cal O'Reilly is hit by Cole Schwindt.
Goals for this period are 0 for Senators vs 1 for Devils.
Shots for this period are 7 for Senators vs 10 for Devils.

3rd period


0:01 of 3rd period - Graeme Clarke wins face-off versus Jimmy Huntington in neutral zone.
0:12 of 3rd period - Graeme Clarke is hit by Zach Aston-Reese and loses puck.
1:22 of 3rd period - Shot by Arshdeep Bains.
1:22 of 3rd period - Shot Misses the Net.
1:24 of 3rd period - Shot by Alex Limoges.
1:24 of 3rd period - Shot Blocked by Logan Day.
1:26 of 3rd period - Shot by Connor Carrick.
1:26 of 3rd period - Shot Blocked by Jon Merrill.
1:54 of 3rd period - Shot by Jakob Pelletier.
1:54 of 3rd period - Shot Misses the Net.
1:56 of 3rd period - Shot by Kale Clague.
1:56 of 3rd period - Shot Misses the Net.
2:21 of 3rd period - Icing by Roland McKeown.
2:22 of 3rd period - Seth Griffith wins face-off versus Adam Erne in Senators zone.
2:31 of 3rd period - Icing by Cameron Hebig.
2:32 of 3rd period - Alex Limoges wins face-off versus Seth Griffith in Senators zone.
2:46 of 3rd period - Roland McKeown is hit by Alex Limoges and loses puck.
2:59 of 3rd period - Minor Penalty to Connor Carrick for Hooking.
3:00 of 3rd period - Seth Griffith wins face-off versus Mark Kastelic in Devils zone.
3:28 of 3rd period - Shot by Dakota Mermis.
3:28 of 3rd period - Stopped by Joel Blomqvist without a rebound.
3:29 of 3rd period - Peter Abbandonato wins face-off versus Alex Limoges in Devils zone.
4:27 of 3rd period - Shot by Alex Limoges.
4:27 of 3rd period - Stopped by Alexei Kolosov with a rebound.
5:03 of 3rd period - Shot by Cal O'Reilly.
5:03 of 3rd period - Stopped by Joel Blomqvist without a rebound.
5:04 of 3rd period - Jimmy Huntington wins face-off versus Cal O'Reilly in Devils zone.
5:22 of 3rd period - Minor Penalty to Kale Clague for Holding Stick.
5:23 of 3rd period - Seth Griffith wins face-off versus Mark Kastelic in Devils zone.
5:38 of 3rd period - Shot by Cameron Hebig.
5:38 of 3rd period - Shot Misses the Net.
7:07 of 3rd period - Shot by Jon Merrill.
7:07 of 3rd period - Stopped by Joel Blomqvist with a rebound.
7:09 of 3rd period - Shot by Seth Griffith.
7:09 of 3rd period - Goal by Seth Griffith - Senators : 1 - Devils : 1.
7:10 of 3rd period - Jimmy Huntington wins face-off versus Cal O'Reilly in neutral zone.
7:30 of 3rd period - Milan Lucic is hit by Nick DeSimone and loses puck.
7:41 of 3rd period - Shot by Milan Lucic.
7:41 of 3rd period - Deflect By Cal O'Reilly.
7:41 of 3rd period - Stopped by Joel Blomqvist with a rebound.
7:43 of 3rd period - Shot by Tyler Spezia.
7:43 of 3rd period - Shot Misses the Net.
7:52 of 3rd period - Zach Aston-Reese is hit by Dakota Mermis and loses puck.
8:01 of 3rd period - Icing by Dakota Mermis.
8:02 of 3rd period - Alex Limoges wins face-off versus Seth Griffith in Senators zone.
8:02 of 3rd period - Alex Limoges is hit by William Villeneuve.
8:11 of 3rd period - Alex Limoges is hit by Dakota Mermis and loses puck.
8:29 of 3rd period - Double Minor Penalty to Dakota Mermis for High sticking.
8:30 of 3rd period - Mark Kastelic wins face-off versus Tye Felhaber in Senators zone.
8:33 of 3rd period - Shot by Christian Wolanin.
8:33 of 3rd period - Stopped by Alexei Kolosov without a rebound.
8:34 of 3rd period - Mark Kastelic wins face-off versus Greg McKegg in Senators zone.
8:46 of 3rd period - Shot by Adam Erne.
8:46 of 3rd period - Deflect By Jakob Pelletier.
8:46 of 3rd period - Shot Blocked by Greg McKegg.
8:48 of 3rd period - Shot by Connor Carrick.
8:48 of 3rd period - Stopped by Alexei Kolosov without a rebound.
8:49 of 3rd period - Greg McKegg wins face-off versus Alex Limoges in Senators zone.
9:16 of 3rd period - Shot by Calen Addison.
9:16 of 3rd period - Shot Misses the Net.
9:18 of 3rd period - Shot by Cole Schwindt.
9:18 of 3rd period - Deflect By Arshdeep Bains.
9:18 of 3rd period - Goal by Arshdeep Bains - Senators : 1 - Devils : 2.
9:19 of 3rd period - Cal O'Reilly wins face-off versus Mark Kastelic in neutral zone.
9:43 of 3rd period - Shot by Adam Erne.
9:43 of 3rd period - Stopped by Alexei Kolosov without a rebound.
9:44 of 3rd period - Alex Limoges wins face-off versus Cal O'Reilly in Senators zone.
11:00 of 3rd period - Shot by Tye Felhaber.
11:00 of 3rd period - Stopped by Joel Blomqvist without a rebound.
11:01 of 3rd period - Mark Kastelic wins face-off versus Greg McKegg in Devils zone.
11:30 of 3rd period - Shot by Matt Luff.
11:30 of 3rd period - Stopped by Alexei Kolosov without a rebound.
11:31 of 3rd period - Jimmy Huntington wins face-off versus Cal O'Reilly in Senators zone.
11:43 of 3rd period - Minor Penalty to Logan Day for Interference.
11:44 of 3rd period - Adam Erne wins face-off versus Mathieu Olivier in Senators zone.
11:47 of 3rd period - Shot by Jakob Pelletier.
11:47 of 3rd period - Goal by Jakob Pelletier - Senators : 1 - Devils : 3.
11:48 of 3rd period - Mark Kastelic wins face-off versus Graeme Clarke in neutral zone.
11:59 of 3rd period - Shot by Zach Aston-Reese.
11:59 of 3rd period - Stopped by Alexei Kolosov with a rebound.
13:15 of 3rd period - Icing by Cole Schwindt.
13:16 of 3rd period - Seth Griffith wins face-off versus Cole Schwindt in Devils zone.
13:17 of 3rd period - Shot by Mathieu Olivier.
13:17 of 3rd period - Stopped by Joel Blomqvist without a rebound.
13:18 of 3rd period - Alex Limoges wins face-off versus Seth Griffith in Devils zone.
13:20 of 3rd period - Bobby Brink is hit by Mathieu Olivier and loses puck.
13:24 of 3rd period - Bobby Brink is hit by Logan Day.
13:27 of 3rd period - Double Minor Penalty to Logan Day for Roughing.
13:28 of 3rd period - Greg McKegg wins face-off versus Alex Limoges in Senators zone.
13:47 of 3rd period - Shot by Cole Schwindt.
13:47 of 3rd period - Stopped by Alexei Kolosov with a rebound.
14:16 of 3rd period - Greg McKegg is hit by Cole Schwindt and loses puck.
15:15 of 3rd period - Shot by Milan Lucic.
15:15 of 3rd period - Stopped by Joel Blomqvist without a rebound.
15:16 of 3rd period - Cal O'Reilly wins face-off versus Adam Erne in Devils zone.
16:08 of 3rd period - Shot by Arshdeep Bains.
16:08 of 3rd period - Shot Misses the Net.
16:10 of 3rd period - Shot by Cole Schwindt.
16:10 of 3rd period - Shot Blocked by Peter Abbandonato.
17:16 of 3rd period - Icing by Sebastian AhoD.
17:17 of 3rd period - Jimmy Huntington wins face-off versus Greg McKegg in Devils zone.
17:36 of 3rd period - Shot by Zach Aston-Reese.
17:36 of 3rd period - Stopped by Alexei Kolosov without a rebound.
17:37 of 3rd period - Greg McKegg wins face-off versus Jimmy Huntington in Senators zone.
18:04 of 3rd period - Shot by Givani Smith.
18:04 of 3rd period - Stopped by Joel Blomqvist with a rebound.
18:06 of 3rd period - Shot by Logan Day.
18:06 of 3rd period - Stopped by Joel Blomqvist without a rebound.
18:07 of 3rd period - Cal O'Reilly wins face-off versus Alex Limoges in Devils zone.
18:13 of 3rd period - Nick DeSimone is hit by Dakota Mermis and loses puck.
18:22 of 3rd period - Shot by Bobby Brink.
18:22 of 3rd period - Shot Misses the Net.
18:43 of 3rd period - Bobby Brink is hit by William Villeneuve and loses puck.
19:00 of 3rd period - Off-side.
19:01 of 3rd period - Graeme Clarke wins face-off versus Cole Schwindt in neutral zone.
19:11 of 3rd period - Shot by Graeme Clarke.
19:11 of 3rd period - Shot Blocked by Adam Erne.
19:25 of 3rd period - Shot by Tye Felhaber.
19:25 of 3rd period - Shot Blocked by Connor Carrick.
19:27 of 3rd period - Shot by Roland McKeown.
19:27 of 3rd period - Shot Misses the Net.
19:53 of 3rd period - Icing by Connor Carrick.
19:54 of 3rd period - Cole Schwindt wins face-off versus Peter Abbandonato in Devils zone.
19:59 of 3rd period - Christian Wolanin is hit by Givani Smith and loses puck.
Goals for this period are 1 for Senators vs 2 for Devils.
Shots for this period are 10 for Senators vs 10 for Devils.